AoeStats
← Rabiscko

Fortress

508584034Analyzed
3v3 RM · 11d ago on Sep 23, 2026· 50m 14s· 6 players
Game mode
Random Map
Map size
Large (8 player)
Population
200
Speed
Normal
Resources
Standard
Victory
Conquest
Starting age
Dark Age
Ending age
Imperial Age
RankedLock teamsTeams togetherTeam positionsShared explorationLock speedFull tech treeHidden civsTurbo modeCheats
Victory
Defeat
🇺🇸 Dravidians · United States
806
+6
🇨🇦 Varangians · Canada
596
+13
🇺🇸 Khmer · United States
498
+17
🇧🇷 Burmese · Brazil
716
-50
🇧🇷 Portuguese · Brazil
461
-9
🇧🇷 Persians · Brazil
430
-8
IIErich
3:54 Loom
6:57 Feudal Age
7:55 Double-Bit Axe
8:29 Horse Collar
11:18 Gold Mining
15:44 Castle Age
17:08 Wheelbarrow
19:02 Stone Mining
18:36 Crossbowman
20:08 Pikeman
22:26 Thumb Ring
22:28 Fletching
22:39 Padded Archer Armor
22:50 Forging
23:58 Heavy Plow
25:37 Bodkin Arrow
26:59 Leather Archer Armor
27:50 Iron Casting
28:27 Bow Saw
28:36 Scale Mail Armor
32:45 Imperial Age
34:26 Elite Organ Gun
34:50 Arbalester
34:56 Halberdier
36:13 Bracer
36:44 Ring Archer Armor
37:16 Blast Furnace
36:32 Chain Mail Armor
37:37 Two-Man Saw
37:17 Stone Shaft Mining
37:56 Chemistry
37:26 Ballistics
44:07 Plate Mail Armor
YBiel21
1:36 Loom
7:11 Feudal Age
7:45 Double-Bit Axe
9:37 Wheelbarrow
9:42 Gold Mining
18:10 Castle Age
17:46 Scale Barding Armor
17:58 Bloodlines
18:48 Husbandry
21:34 Forging
26:54 Hand Cart
32:43 Imperial Age
33:15 Chain Barding Armor
33:20 Horse Collar
36:07 Iron Casting
47:15 Heavy Camel Rider
Rabiscko
0:48 Loom
8:10 Feudal Age
9:59 Wheelbarrow
15:21 Forging
17:03 Gold Mining
18:00 Man-at-Arms
20:20 Stone Mining
20:52 Horse Collar
23:43 Castle Age
24:52 Horse Collar
25:25 Scale Mail Armor
26:08 Iron Casting
25:00 Long Swordsman
26:15 Squires
26:02 Gambesons
29:08 Heavy Plow
29:56 Gold Shaft Mining
31:13 Hand Cart
31:37 Guard Tower
36:55 Imperial Age
NWI Nutball
15:26 Feudal Age
16:47 Wheelbarrow
17:23 Double-Bit Axe
19:59 Castle Age
19:18 Gold Mining
19:33 Stone Mining
20:26 Scale Barding Armor
20:32 Forging
20:24 Scale Mail Armor
20:48 Caravan
24:00 Hand Cart
24:20 Bow Saw
26:52 Gold Shaft Mining
26:53 Stone Shaft Mining
26:13 Horse Collar
26:58 Bloodlines
26:49 Husbandry
28:48 Heavy Plow
29:52 Iron Casting
30:05 Chain Barding Armor
35:56 Fletching
36:10 Padded Archer Armor
36:34 Chain Mail Armor
41:38 Imperial Age
42:38 Elite Ballista Elephant
43:39 Conscription
43:26 Double Crossbow
44:03 Hoardings
43:32 Tusk Swords
49:40 Blast Furnace
49:21 Plate Barding Armor
49:21 Elite Battle Elephant
V snacks
4:33 Loom
7:47 Feudal Age
8:57 Feudal Age
11:51 Town Watch
12:44 Gold Mining
13:44 Fletching
13:56 Scale Mail Armor
14:06 Forging
16:33 Castle Age
16:02 Scale Barding Armor
16:13 Double-Bit Axe
19:02 Wheelbarrow
19:42 Bow Saw
20:23 Horse Collar
20:51 Husbandry
21:07 Bloodlines
22:00 Stone Mining
24:20 Squires
27:08 Caravan
28:49 Hand Cart
29:19 Chain Barding Armor
30:39 Bodkin Arrow
31:25 Coinage
35:09 Imperial Age
33:55 Vendel Legacy
35:40 Elite Jarl
38:14 Two-Man Saw
38:19 Onager
40:53 Bracer
41:08 Chain Mail Armor
41:29 Iron Casting
41:12 Squires
41:00 Arson
40:37 Elite Varangian Guard
48:23 Blast Furnace
48:00 Plate Barding Armor
Darebear266178
1:02 Loom
3:06 Loom
12:32 Feudal Age
14:56 Double-Bit Axe
17:14 Castle Age
14:58 Horse Collar
15:13 Gold Mining
18:56 Bow Saw
21:28 Wheelbarrow
23:49 Hand Cart
24:35 Town Watch
28:44 Imperial Age
28:08 Forging
28:00 Scale Mail Armor
28:41 Fletching
29:27 Iron Casting
28:53 Padded Archer Armor
28:16 Pikeman
29:43 Stone Mining
31:54 Bodkin Arrow
33:20 Fortified Wall
33:24 Masonry
34:58 Thumb Ring
35:17 Ballistics
35:13 Town Patrol
36:10 Bracer
36:25 Leather Archer Armor
36:27 Chain Mail Armor
37:54 Two-Man Saw
37:07 Medical Corps
39:07 Chemistry
38:32 Husbandry
39:09 Ring Archer Armor
38:47 Halberdier
40:18 Plate Mail Armor
40:18 Elite Elephant Archer
43:22 Blast Furnace
Connection lost

Rejoining the realm…

Still unreachable

The connection could not be restored.

Session expired

The server has moved on; the page needs a fresh start.